 Dungeon Crawl Stone Soup version 0.27.1-34-g3ba077fa99 (webtiles) character file.

Game seed: 18063556824645795807

28 copperbird the Sneak (level 3, 0/16 HPs)
             Began as a Spriggan Fire Elementalist on Jan 21, 2022.
             Was an Initiate of Ashenzari.
             Succumbed to an adder's poison
             ... on level 2 of the Dungeon.
             The game lasted 00:04:25 (1129 turns).

copperbird the Sneak (Spriggan Fire Elementalist)   Turns: 1129, Time: 00:04:25

Health: 0/16       AC:  2    Str:  5    XL:     3   Next: 0%
Magic:  1/8        EV: 17    Int: 16    God:    Ashenzari [......]
Gold:   36         SH:  0    Dex: 15    Spells: 7/8 levels left

rFire    . . .     SeeInvis +   j - +0 hand axe of Supernal Knowledge {Elem, Melee} (curse)
rCold    . . .     Faith    .   (shield restricted)
rNeg     . . .     Spirit   .   a - +0 robe
rPois    .         Reflect  .   (helmet restricted)
rElec    .         Harm     .   (no cloak)
rCorr    .         Rampage  .   (gloves unavailable)
Will     .....                  (boots unavailable)
Stlth    ++........             (no amulet)
HPRegen  0.05/turn              b - ring of flight
MPRegen  0.11/turn              (no ring)

@: lethally poisoned (0 -> -3), flying, very quick
A: very small, no large weapons, unfitting armour, see invisible, speed 3
a: Renounce Religion, Shatter the Chains


You were on level 2 of the Dungeon.
You worshipped Ashenzari.
Ashenzari was noncommittal.
You visited 1 branch of the dungeon, and saw 2 of its levels.

You collected 36 gold pieces.

Inventory:

Hand Weapons
 f - a +0 short sword
 j - the cursed +0 hand axe of Supernal Knowledge (weapon) {Elem, Melee}
   (You found it on level 1 of the Dungeon)

   It has a curse which improves the following skills: Elements: Fire Magic, Ice
   Magic, Air Magic and Earth Magic.
   Melee Combat: Short Blades, Long Blades, Axes, Maces & Flails, Polearms,
   Staves and Unarmed Combat.
 l - a +4 dagger
Missiles
 c - 7 stones
 h - 41 arrows
Armour
 a - a +0 robe (worn)
Jewellery
 b - a ring of flight (left hand)
Scrolls
 d - 2 scrolls of fog
 e - 2 scrolls of teleportation
 m - a scroll of identify
Potions
 g - a potion of magic
 i - a potion of flight
 k - 2 potions of degeneration


   Skills:
 + Level 0.1(0.2) Axes
 + Level 3.1 Dodging
 + Level 3.4 Stealth
 + Level 3.2 Spellcasting
 + Level 0.9 Conjurations
 + Level 2.6(3.1) Fire Magic


You had 7 spell levels left.
You knew the following spells:

 Your Spells              Type           Power      Damage    Failure   Level
a - Foxfire               Conj/Fire      36%        2x1d5     8%          1

Your spell library contained the following spells:

 Spells                   Type           Power      Damage    Failure   Level
 Conjure Flame            Conj/Fire      9%         6-21      24%         3
 Inner Flame              Hex/Fire       7%         N/A       28%         3
 Sticky Flame             Conj/Fire      9%         2d3       61%         4
 Fireball                 Conj/Fire      4%         3d4       91%         5


Dungeon Overview and Level Annotations

Branches:
Dungeon (2/15)

Altars:
Ashenzari


Innate Abilities, Weirdness & Mutations

You are very small and have problems with some larger weapons.
You are too small for most types of armour.
You have supernaturally acute eyesight. (SInv)
You cover ground extremely quickly. (Speed+++)


Message History

Casting: Foxfire (safe; 9% risk of failure)
Confirm with . or Enter, or press ? or * to list all spells.
You conjure some foxfire!
Your foxfire dissipates!
The foxfire hits the adder.
The adder is moderately wounded.
Casting: Foxfire (safe; 9% risk of failure)
Confirm with . or Enter, or press ? or * to list all spells.
You conjure some foxfire!
The adder closely misses you.
The foxfire hits the adder.
The adder is heavily wounded.
The foxfire hits the adder.
The adder is almost dead.
Casting: Foxfire (safe; 9% risk of failure)
Confirm with . or Enter, or press ? or * to list all spells.
You conjure some foxfire!
The adder bites you.
You are lethally poisoned!
The adder poisons you!
Your foxfire dissipates!
* * * LOW HITPOINT WARNING * * *
You feel sick.
The foxfire hits the adder.
You kill the adder!
You have reached level 3!
Your experience leads to an increase in your attributes!
Increase (S)trength, (I)ntelligence, or (D)exterity?
You feel stronger.
Okay, then.
Okay, then.
There is a lethal amount of poison in your body!
There is a lethal amount of poison in your body!
There is a lethal amount of poison in your body!
There is a lethal amount of poison in your body!
* * * LOW HITPOINT WARNING * * *
You feel sick.
* * * LOW HITPOINT WARNING * * *
You feel sick.
Your magical contamination has completely faded away.
* * * LOW HITPOINT WARNING * * *
You feel sick.
You die...

#........#
#....<.†.#
#........#
#........######
#.............#
########......#
...........#
###......†#######.
#....@.†..†.†.....
#.##.....>########
#. #......# #
######.# #.# #.#
#.. ###


There were no monsters in sight!

Vanquished Creatures
  An adder (D:2)
  A dart slug (D:1)
  A bat (D:1)
  3 endoplasms
  A hobgoblin (D:1)
  3 jackals (D:2)
  4 ball pythons
  2 rats
16 creatures vanquished.

Vanquished Creatures (others)
  30 foxfires
30 creatures vanquished.

Grand Total: 46 creatures vanquished

Notes
Turn   | Place    | Note
-------+----------+-------------------------------------------
     0 | D:1      | copperbird the Spriggan Fire Elementalist began the quest
                  | for the Orb.
     0 | D:1      | Reached XP level 1. HP: 9/9 MP: 5/5
   530 | D:1      | Reached XP level 2. HP: 13/13 MP: 2/6
   783 | D:1      | Found a faded altar of an unknown god.
   791 | D:1      | Became a worshipper of Ashenzari the Shackled
  1126 | D:2      | Reached XP level 3. HP: 3/16 MP: 0/8
  1129 | D:2      | Succumbed to an adder's poison

Illustrated notes

Levels and vault maps discovered:
D:1:      dpeg_arrival_ternary, layout_loops_ring, ebering_ecumenical_altar_hall
D:2:      layout_basic

Skill      XL: |  1  2 |
---------------+-------+-----
Spellcasting   | 3 |  3.2
Dodging        | 3 |  3.1
Axes           | |  0.1
Stealth        | |  3.4
Conjurations   | |  0.9
Fire Magic     | |  2.6

Action                   || total
-------------------------++-------
Melee: Short sword       ||     1
       Unarmed           ||     1
       Hand axe          ||     6
 Cast: Foxfire           ||    24
Invok: Curse Item        ||     1
Armor: Robe              ||     1
Dodge: Dodged            ||    21
